 Dungeon Crawl Stone Soup version 0.27.0-1-g7a089689b8 (webtiles) character file.

Game seed: 10145338567299030455

2 Thatpatchoflichen the Sneak (level 1, 0/10 HPs)
             Began as a Kobold Enchanter on Aug 3, 2021.
             Slain by a jackal (2 damage)
             ... on level 1 of the Dungeon.
             The game lasted 00:00:57 (56 turns).

Thatpatchoflichen the Sneak (Kobold Enchanter)        Turns: 56, Time: 00:00:58

Health: 0/10       AC:  2    Str:  5    XL:     1   Next: 44%
Magic:  3/3        EV: 15    Int: 16    God:
Gold:   0          SH:  0    Dex: 15    Spells: 3/4 levels left

rFire    . . .     SeeInvis .   a - +1 dagger
rCold    . . .     Faith    .   (shield restricted)
rNeg     . . .     Spirit   .   b - +0 robe
rPois    .         Reflect  .   (no helmet)
rElec    .         Harm     .   (no cloak)
rCorr    .         Rampage  .   (no gloves)
Will     .....                  (no boots)
Stlth    ++++......             (no amulet)
HPRegen  0.03/turn              (no ring)
MPRegen  0.08/turn              (no ring)

@: no status effects
A: small, no large weapons, nightstalker 3
a: no special abilities


You were on level 1 of the Dungeon.
You visited 1 branch of the dungeon, and saw 1 of its levels.

Inventory:

Hand Weapons
 a - a +1 dagger (weapon)
Armour
 b - a +0 robe (worn)


   Skills:
 + Level 1.6 Short Blades
 + Level 2.5 Dodging
 - Level 4.0 Stealth
 - Level 2.1 Spellcasting
 + Level 3.0 Hexes


You had 3 spell levels left.
You knew the following spells:

 Your Spells              Type           Power      Damage    Failure   Level
a - Corona                Hex            12%        N/A       6%          1

Your spell library contained the following spells:

 Spells                   Type           Power      Damage    Failure   Level
 Ensorcelled Hibernation  Hex/Ice        12%        N/A       17%         2
 Confusing Touch          Hex            11%        N/A       17%         3
 Tukima's Dance           Hex            11%        N/A       17%         3
 Dazzling Flash           Conj/Hex       12%        N/A       32%         3


Dungeon Overview and Level Annotations

Branches:
Dungeon (1/15)

Altars:


Innate Abilities, Weirdness & Mutations

You are small and have problems with some larger weapons.
You are completely attuned to the shadows.


Message History

You see here a jackal corpse.
You hit the jackal but do no damage. The jackal misses you.
The jackal bites you.
You closely miss the jackal. The jackal closely misses you.
The jackal barely misses you.
You closely miss the jackal. The jackal misses you.
The jackal bites you but does no damage.
You hit the jackal but do no damage. The jackal bites you. x2
The jackal completely misses you. The jackal barely misses you.
The jackal closely misses you.
The jackal bites you but does no damage.
You hit the jackal but do no damage. The jackal barely misses you.
The jackal bites you. The jackal closely misses you.
The jackal barely misses you. The jackal completely misses you.
The jackal closely misses you. The jackal closely misses you.
The jackal completely misses you.
Found a pink potion.
You see here a pink potion.
The jackal bites you.
* * * LOW HITPOINT WARNING * * *
You hit the jackal.
The jackal is heavily wounded.
You hit the jackal.
The jackal is almost dead.
The jackal misses you.
You closely miss the jackal. The jackal completely misses you.
The jackal misses you.
The jackal bites you but does no damage.
You hit the jackal.
The jackal is moderately wounded.
The jackal barely misses you. x2
You closely miss the jackal.
The jackal is moderately wounded.
The jackal bites you but does no damage.
The jackal completely misses you.
You hit the jackal.
You kill the jackal!
The jackal bites you.
You die...

.........##...#.....
.............##.######
..........##..8.....8.
#########.##..#.....#
#.##..#..<..#
..##..#.....#
####!.8.....8.
#h######.## #@†# .#
#..... #....# ......
##.#.#


You could see a jackal.

Vanquished Creatures
  An endoplasm (D:1)
  2 jackals (D:1)
3 creatures vanquished.

Notes
Turn   | Place    | Note
-------+----------+-------------------------------------------
     0 | D:1      | Thatpatchoflichen the Kobold Enchanter began the quest for
                  | the Orb.
     0 | D:1      | Reached XP level 1. HP: 10/10 MP: 3/3
    56 | D:1      | Slain by a jackal

Illustrated notes

Levels and vault maps discovered:
D:1:      scummos_arrival_simple_crosswalls, layout_basic, serial_shops,
          nicolae_shop_crystal, ebering_ecumenical_altar_abandoned

Action                   || total
-------------------------++-------
Melee: Dagger            ||    13
 Stab: Sleeping          ||     2
Armor: Robe              ||     4
Dodge: Dodged            ||    20
